 Dungeon Crawl Stone Soup version 0.26-a0-252-gb32a1a6195 (webtiles) character file.

Game seed: 10531588240799900754

164 Bbreath the Shield-Bearer (level 5, -1/42 HPs)
             Began as a Human Fighter on July 9, 2020.
             Slain by a gnoll
             ... wielding a +0 spear
              (4 damage)
             ... on level 5 of the Dungeon.
             The game lasted 00:08:51 (534 turns).

Bbreath the Shield-Bearer (Human Fighter)            Turns: 534, Time: 00:08:53

Health: -1/42      AC: 15    Str: 17    XL:     5   Next: 73%
Magic:  5/5        EV:  5    Int:  8    God:
Gold:   61         SH:  9    Dex: 13    Spells: 4/4 levels left

rFire    . . .     SeeInvis .   d - +2 flail (holy)
rCold    + . .     Faith    .   c - +0 kite shield
rNeg     + . .     Spirit   .   l - +6 chain mail "Heor" {rC+ rN+ Slay+2}
rPois    .         Reflect  .   (no helmet)
rElec    .         Harm     .   (no cloak)
rCorr    .                      (no gloves)
MR       .....                  (no boots)
Stlth    ..........             (no amulet)
HPRegen  0.14/turn              (no ring)
MPRegen  0.09/turn              (no ring)

@: no status effects
A: no striking features
a: no special abilities


You were on level 5 of the Dungeon.
You were not hungry.

You visited 1 branch of the dungeon, and saw 4 of its levels.

You collected 61 gold pieces.

Inventory:

Hand Weapons
 a - a +0 flail
 d - a +2 flail of holy wrath (weapon)
 g - a +0 club
 j - a +0 falchion
Armour
 b - a +0 scale mail
 c - a +0 kite shield (worn)
 i - a +0 robe
 l - the +6 chain mail "Heor" (worn) {rC+ rN+ Slay+2}
   (You found it on level 4 of the Dungeon)

   It affects your accuracy and damage with ranged weapons and melee attacks
   (+2).
   It protects you from cold.
   It protects you from negative energy.
Jewellery
 k - an uncursed ring of wizardry {unknown}
Potions
 e - a potion of ambrosia {unknown}
 h - a potion of stabbing {unknown}
Comestibles
 f - 6 rations


   Skills:
 + Level 3.7 Fighting
 + Level 0.1 Long Blades
 + Level 2.7 Maces & Flails
 + Level 3.8 Armour
 + Level 0.3 Dodging
 + Level 4.4 Shields


You had 4 spell levels left.
You didn't know any spells.
Your spell library was empty.

Dungeon Overview and Level Annotations

Branches:
Dungeon (5/15)
 Temple: D:4-7

Altars:


Message History

The jackal bites you but does no damage.
You block the gnoll's attack.
You closely miss the gnoll.
The gnoll is heavily wounded.
You block the jackal's attack.
The frilled lizard bites you but does no damage.
You block the gnoll's attack. The orc barely misses you.
The gnoll sergeant barely misses you. You block the gnoll's attack.
The frilled lizard bites you.
* * * LOW HITPOINT WARNING * * *
The jackal barely misses you.
The gnoll hits you from afar with a +0 spear.
* * * LOW HITPOINT WARNING * * *
Your chain mail "Heor" prevents you from hitting the orc.
The jackal bites you but does no damage.
The orc hits you but does no damage.
The gnoll sergeant hits you but does no damage.
The frilled lizard bites you but does no damage.
The gnoll hits you from afar with a +0 spear.
You die...

#..........# #....####.#....
#.#........# #.........†....
#.#.....##.# #..............
#.#.....##.####..............
#.#.....##...................
#.#...........#.....###.#....
#<####........#l....# #.#....
### #.....)ohgg...## #......
#......@g.g..... .......
#......glg..............
#........#..##..........
###.........# ..........
#.........# ...........#
#............. #.............


You could see a gnoll sergeant, an iguana, 5 gnolls, an orc, a jackal and a
frilled lizard.

Vanquished Creatures
  An ogre (D:5)
  A jelly (D:5)
  A worker ant (D:5)
  A dart slug (D:1)
  8 orcs
  A hobgoblin (D:1)
  A jackal (D:5)
  A ball python (D:5)
  A bat (D:1)
  3 goblins (D:1)
  2 kobolds (D:1)
  A rat (D:1)
22 creatures vanquished.

Notes
Turn   | Place    | Note
-------+----------+-------------------------------------------
     0 | D:1      | Bbreath the Human Fighter began the quest for the Orb.
     0 | D:1      | Reached XP level 1. HP: 18/18 MP: 1/1
   218 | D:1      | Reached XP level 2. HP: 20/24 MP: 2/2
   261 | D:1      | You fall into a shaft and drop 1 floor!
   307 | D:2      | You fall into a shaft and drop 2 floors!
   387 | D:4      | Got a jewelled chain mail
   398 | D:4      | Identified the +6 chain mail "Heor" {rC+ rN+ Slay+2} (You
                  | found it on level 4 of the Dungeon)
   405 | D:5      | Entered Level 5 of the Dungeon
   422 | D:5      | Noticed an ogre
   430 | D:5      | Killed an ogre
   430 | D:5      | Reached XP level 3. HP: 29/29 MP: 3/3
   430 | D:5      | Reached XP level 4. HP: 36/36 MP: 4/4
   435 | D:5      | Reached XP level 5. HP: 41/41 MP: 5/5
   468 | D:5      | Reached skill level 4 in Shields
   533 | D:5      | HP: 2/42 [gnoll/+0 spear (3)]
   534 | D:5      | Slain by a gnoll

Illustrated notes

Levels and vault maps discovered:
D:1:      dpeg_arrival_three_smaller_balls, layout_basic
D:2:      layout_rooms, first_ration, minmay_goblin_outpost, uniq_sigmund,
          uniq_terence
D:4:      layout_loops_corners, kennysheep_mini_moat, minmay_misc_feat_alley
D:5:      layout_basic, hangedman_decor_clover_reticule, elyvilon_altar_3

Skill      XL: |  1  2  3  4  5 |
---------------+----------------+-----
Shields        | 4 |  4.4
Fighting       | |  3.7
Long Blades    | |  0.1
Maces & Flails | |  2.7
Armour         | |  3.8
Dodging        | |  0.3

Action                   |  1- 3 |  4- 6 || total
-------------------------+-------+-------++-------
Melee: Flail             |    28 |    20 ||    48
       Falchion          |     2 |     6 ||     8
  Use: Potion            |     2 |       ||     2
       Scroll            |     1 |       ||     1
Armor: Scale mail        |    10 |       ||    10
       Chain mail        |       |    32 ||    32
Dodge: Dodged            |    12 |    17 ||    29
Block: Kite shield       |    15 |    29 ||    44

Table legend:
 A = Non-vault XP
 B = Vault XP
 C = Vault XP percentage of total XP
 D = Non-vault monster count
 E = Vault monster count
 F = Vault count percentage of total count
                 A         B        C        D         E       F
            +---------+---------+-------+---------+---------+-------
      Total |     235 |       0 |   0.0 |      22 |       0 |   0.0
            +---------+---------+-------+---------+---------+-------
        D:1 |      14 |       0 |   0.0 |       9 |       0 |   0.0
        D:4 |       3 |       0 |   0.0 |       1 |       0 |   0.0
        D:5 |     218 |       0 |   0.0 |      12 |       0 |   0.0
            +---------+---------+-------+---------+---------+-------
